 Dungeon Crawl Stone Soup version 0.30-b1-2-g02819fbbbe (webtiles) character file.

Game seed: 9243129083620334150

7675 VikingSchism the Basher (level 11, -6/99 HPs)
             Began as a Hill Orc Berserker on Nov 13, 2023.
             Was a High Priest of Trog.
             Mangled by a tengu warrior
             ... wielding a +2 battleaxe of freezing
              (7 damage)
             ... on level 10 of the Dungeon.
             The game lasted 00:34:04 (9802 turns).

VikingSchism the Basher (Hill Orc Berserker)        Turns: 9802, Time: 00:34:04

Health: -6/99      AC: 17    Str: 25    XL:     11   Next: 19%
Magic:  11/11      EV: 13    Int:  7    God:    Trog [*****.]
Gold:   623        SH:  0    Dex: 16    Spells: 10/10 levels left

rFire   . . .        v - +2 mace (venom)
rCold   . . .        (no shield)
rNeg    . . .        D - +1 plate armour "Bayppiti" {Rampage}
rPois   .            (no helmet)
rElec   .            (no cloak)
rCorr   .            (no gloves)
SInv    .            K - +0 pair of boots
Will    .....        (no amulet) Stlth
                     B - +6 ring of dexterity
HPRegen 0.36/turn    I - +5 ring of evasion
MPRegen 0.12/turn

%: rampage
@: no status effects
A: no striking features
a: Renounce Religion, Berserk, Trog's Hand, Brothers in Arms


You were on level 10 of the Dungeon.
You worshipped Trog.
Trog was extremely pleased with you.
You visited 1 branch of the dungeon, and saw 11 of its levels.

You collected 623 gold pieces.

Inventory:

Hand Weapons
 a - a +0 mace
 v - a +2 mace of venom (weapon)
Missiles
 c - 68 stones (quivered)
 f - 3 throwing nets
 u - 16 poisoned darts
Armour
 b - a +0 animal skin
 d - a +0 chain mail
 q - an orb of wrath
 D - the +1 plate armour "Bayppiti" (worn) {Rampage}
   (You found it on level 6 of the Dungeon)

   Rampage:   It bestows one free step when moving towards enemies.
 H - a +0 robe
 K - a +0 pair of boots (worn)
Jewellery
 B - a +6 ring of dexterity (left hand)
 I - a +5 ring of evasion (right hand)
 L - a ring of fire
 M - an amulet of guardian spirit
Wands
 J - a wand of flame (14)
Scrolls
 i - 3 scrolls of immolation
 n - a scroll of fog
 r - 2 scrolls of vulnerability {unknown}
 s - a scroll of enchant armour {unknown}
 w - a scroll of brand weapon
 x - 3 scrolls of blinking
 y - 2 scrolls of magic mapping {unknown}
 F - 2 scrolls of enchant weapon {unknown}
 N - a scroll of teleportation
 O - a scroll of silence {unknown}
 P - a scroll of acquirement {unknown}
 Q - a scroll of fear {unknown}
 R - 3 scrolls of identify
Potions
 e - a potion of attraction {unknown}
 g - a potion of haste
 h - 2 potions of lignification {unknown}
 j - a potion of invisibility {unknown}
 k - a potion of heal wounds
 l - 6 potions of ambrosia
 m - 2 potions of mutation {unknown}
 o - 2 potions of degeneration {unknown}
 p - 2 potions of curing
 t - a potion of berserk rage {unknown}
 z - a potion of magic {unknown}
 A - a potion of resistance {unknown}
 C - a potion of might {unknown}
 E - 2 potions of cancellation {unknown}
 G - a potion of brilliance {unknown}


   Skills:
 + Level 9.8 Fighting
 + Level 12.3 Maces & Flails
 + Level 11.1 Armour
 + Level 2.5 Dodging
 + Level 1.8 Stealth


You had 10 spell levels left.
You didn't know any spells.
Your spell library contained the following spells:

 Spells                   Type           Power      Damage    Failure   Level
 Apportation              Tloc           0%         N/A       99%         1
 Lesser Beckoning         Tloc           0%         N/A       100%        2
 Gell's Gravitas          Tloc           0%         N/A       100%        3
 Teleport Other           Tloc           0%         N/A       100%        3
 Alistair's Intoxication  Tmut/Pois      0%         N/A       100%        5
 Summon Forest            Summ/Tloc      0%         N/A       100%        5
 Eringya's Noxious Bog    Tmut/Pois      0%         N/A       100%        6
 Summon Hydra             Summ           0%         N/A       100%        7


Dungeon Overview and Level Annotations

Branches:
Dungeon (11/15)            Temple (0/1) D:7            Lair (0/5) D:9
    Orc: D:9-12

Altars:
Cheibriados
Elyvilon
Gozag
Makhleb
Nemelex Xobeh
Okawaru
Qazlal
Wu Jian

Shops:
D:11 =


Message History

You closely miss the tengu warrior.
The tengu warrior is lightly wounded.
The tengu warrior hits you but does no damage.
The tengu warrior pecks you but does no damage.
The tengu warrior completely misses you.
You miss the tengu warrior.
The tengu warrior is lightly wounded.
The tengu warrior hits you with a +2 battleaxe of freezing!
The tengu warrior freezes you. The tengu warrior barely misses you. x2
You hit the tengu warrior.
The tengu warrior is moderately wounded.
The tengu warrior hits you with a +2 battleaxe of freezing.
The tengu warrior freezes you.
The tengu warrior pecks you but does no damage.
The tengu warrior claws you but does no damage.
The tengu warrior attacks as you move away!
The tengu warrior hits you with a +2 battleaxe of freezing.
The tengu warrior freezes you.
The tengu warrior pecks you but does no damage.
The tengu warrior claws you but does no damage.
The tengu warrior attacks as you move away!
The tengu warrior barely misses you. The tengu warrior misses you.
The tengu warrior claws you but does no damage.
The tengu warrior attacks as you move away!
The tengu warrior barely misses you. The tengu warrior misses you.
The tengu warrior claws you but does no damage.
You miss the tengu warrior.
The tengu warrior is heavily wounded.
The tengu warrior hits you with a +2 battleaxe of freezing!
* * * LOW HITPOINT WARNING * * *
The tengu warrior freezes you.
* * * LOW HITPOINT WARNING * * *
The tengu warrior pecks you but does no damage.
The tengu warrior barely misses you.
As you read the scroll of fog, it crumbles to dust.
The scroll dissolves into smoke.
The tengu warrior hits you with a +2 battleaxe of freezing!!
* * * LOW HITPOINT WARNING * * *
The tengu warrior freezes you!
You die...

.... #........# ##.. .....
#........# .##.... .#
......#........####....... .
......†................... .
#######........# #......#.
#........# #.......####
##.###§§## #).......))) #.#
##Q§#####.......<.##
#.#####@§§............#
#....§§§§§............# ..#
####)####§..#.........# #.#
##..# ##.#......|..# #.#
##..## #.#.........# ## #.#
#..## #..#.......##
...###.###.######
##.##.....##
#..............####......####
##......####...........#


You could see a tengu warrior (very poisoned).

Vanquished Creatures
  A two-headed ogre (D:8)
  A gargoyle (D:10)
  A hornet (D:9)
  Prince Ribbit (D:5)
  2 trolls
  A vampire (D:9)
  A wraith (D:11)
  8 yaks
  A steam dragon (D:10)
  Menkaure (D:6)
  Edmund (D:6)
  2 water moccasins
  Duvessa (D:6)
  3 ice beasts
  2 orc warriors (D:9)
  2 black bears
  4 ogres
  4 centaurs
  2 phantoms
  2 gnoll sergeants
  3 bullfrogs (D:9)
  4 scorpions
  7 wights
  Dowan (D:6)
  8 killer bees
  7 howler monkeys
  A hound (D:7)
  A jelly (D:6)
  5 orc priests
  2 sleepcaps
  6 orc wizards
  16 gnolls
  13 adders
  A shadow imp (D:6)
  A white imp (D:6)
  2 ufetubi
  A worm (D:4)
  3 dart slugs
  18 orcs
  10 bats
  8 endoplasms
  3 giant cockroaches
  6 goblins
  6 hobgoblins
  3 quokkas
  11 ball pythons
  6 frilled lizards
  9 kobolds
  An orc zombie (D:11)
  4 rats
208 creatures vanquished.

Vanquished Creatures (others)
  4 fungi (D:9)
  7 plants (D:9)
11 creatures vanquished.

Grand Total: 219 creatures vanquished

Notes
Turn   | Place    | Note
-------+----------+-------------------------------------------
     0 | D:1      | VikingSchism the Hill Orc Berserker began the quest for the
                  | Orb.
     0 | D:1      | Reached XP level 1. HP: 19/19 MP: 1/1
    94 | D:1      | Reached XP level 2. HP: 27/27 MP: 2/2
   652 | D:2      | Reached XP level 3. HP: 33/33 MP: 3/3
   710 | D:2      | Reached skill level 4 in Maces & Flails
   751 | D:2      | Reached ** piety under Trog
  1283 | D:2      | Reached XP level 4. HP: 38/41 MP: 4/4
  1708 | D:3      | Found a white marble altar of Elyvilon.
  2350 | D:3      | Reached XP level 5. HP: 47/47 MP: 5/5
  2392 | D:3      | Found an iron altar of Okawaru.
  2417 | D:3      | Reached *** piety under Trog
  2418 | D:3      | Reached skill level 5 in Maces & Flails
  2786 | D:4      | Found an opulent altar of Gozag.
  2788 | D:4      | Found an opulent altar of Gozag.
  2798 | D:4      | Found an opulent altar of Gozag.
  2806 | D:4      | Found an opulent altar of Gozag.
  2866 | D:4      | Found a sparkling altar of Nemelex Xobeh.
  2898 | D:4      | Noticed a phantom
  2905 | D:4      | Killed a phantom
  2906 | D:4      | Reached XP level 6. HP: 46/55 MP: 6/6
  3119 | D:4      | Reached skill level 5 in Fighting
  3498 | D:4      | Found a snail-covered altar of Cheibriados.
  3559 | D:5      | Entered Level 5 of the Dungeon
  3567 | D:5      | Noticed Prince Ribbit
  3579 | D:5      | Killed Prince Ribbit
  3580 | D:5      | Reached skill level 6 in Maces & Flails
  3580 | D:5      | Reached XP level 7. HP: 25/61 MP: 7/7
  3803 | D:5      | Reached skill level 5 in Armour
  3938 | D:5      | Reached skill level 7 in Maces & Flails
  3969 | D:5      | Noticed a yak
  4248 | D:5      | Noticed a yak
  4248 | D:5      | Noticed a yak
  4249 | D:5      | Noticed a yak
  4250 | D:5      | Killed a yak
  4251 | D:5      | Reached XP level 8. HP: 46/70 MP: 8/8
  4251 | D:5      | Killed a yak
  4253 | D:5      | Killed a yak
  4254 | D:5      | Reached skill level 8 in Maces & Flails
  4269 | D:5      | Noticed a yak
  4272 | D:5      | Killed a yak
  4300 | D:5      | Killed a yak
  4664 | D:5      | Reached XP level 9. HP: 74/79 MP: 9/9
  4826 | D:6      | Found a stormy altar of Qazlal.
  4829 | D:6      | Identified the +1 plate armour "Bayppiti" {Rampage}
  4836 | D:6      | Noticed Duvessa
  4852 | D:6      | Killed Duvessa
  4853 | D:6      | Reached skill level 1 in Stealth
  4862 | D:6      | Noticed Dowan
  4866 | D:6      | Killed Dowan
  4930 | D:6      | Reached skill level 9 in Maces & Flails
  5075 | D:6      | Noticed Edmund
  5114 | D:6      | Killed Edmund
  5744 | D:6      | Reached skill level 10 in Maces & Flails
  5779 | D:6      | Reached **** piety under Trog
  6127 | D:6      | Noticed Menkaure
  6136 | D:6      | Killed Menkaure
  6503 | D:7      | Found a staircase to the Ecumenical Temple.
  6659 | D:7      | Reached XP level 10. HP: 60/88 MP: 10/10
  7280 | D:8      | Reached skill level 11 in Maces & Flails
  7334 | D:8      | Noticed a two-headed ogre
  7360 | D:8      | Killed a two-headed ogre
  7532 | D:8      | You fall into a shaft and drop 3 floors!
  7598 | D:11     | Found Kaawodag's Jewellery Shop.
  7672 | D:10     | Entered Level 10 of the Dungeon
  7906 | D:9      | Paralysed by a hornet for 2 turns
  8096 | D:9      | Reached skill level 10 in Armour
  8387 | D:9      | Reached skill level 12 in Maces & Flails
  8540 | D:9      | Found a staircase to the Lair.
  8785 | D:9      | Found a burning altar of Makhleb.
  8916 | D:9      | Found an ornate altar of the Wu Jian Council.
  9070 | D:9      | Reached ***** piety under Trog
  9071 | D:9      | Reached XP level 11. HP: 16/97 MP: 11/11
  9782 | D:10     | Noticed a tengu warrior
  9802 | D:10     | HP: 1/99 [tengu warrior/+2 battleaxe of freezing (19)]
  9802 | D:10     | Mangled by a tengu warrior

Illustrated notes

Levels and vault maps discovered:
D:1:      minmay_arrival_jagged, layout_rooms, minmay_split_cup_large
D:2:      minmay_diamond_boxcup, layout_loops_ring
D:3:      layout_loops_corners, overflow_temple_1_default, elyvilon_altar_4,
          serial_rivers, chequers_serial_rivers_small_b,
          chequers_serial_rivers_small_3, chequers_serial_rivers_large_a,
          chequers_serial_rivers_micro_a, chequers_serial_rivers_micro_d,
          chequers_serial_rivers_small_a, minivault_23, grunt_ministairs_10,
          st_stairs_5, minivault_26
D:4:      layout_rooms, lemuel_crystal_altar,
          nicolae_gozag_conspicuous_consumption, cheibrodos_worm_habitat
D:5:      layout_loops_ring, uniq_prince_ribbit1
D:6:      layout_rooms, lemuel_tele_altar, minmay_fractal_squares_diagonal_5,
          uniq_menkaure, uniq_duvessa, uniq_edmund
D:7:      layout_loops_ring, minmay_temple_entry_glassed_door, feat_on_display
D:8:      layout_cave_pools, blue_anna_alchemist
D:9:      layout_roguey, nicolae_wu_jian_glorious_leap,
          mainiacjoe_overflow_24_doors, grunt_lair_entry_orc_guard_hut
D:10:     layout_rooms, enter_bailey_4, st_stairs_9, minivault_21,
          moated_statue, chequers_arboretum
D:11:     layout_loops_corners, zombieorc1_lemuel, serial_shops, shop

Skill      XL: |  1  2  3  4  5  6  7  8  9 10 11 |
---------------+----------------------------------+-----
Fighting       | 4 5 6 7 8 9 |  9.8
Maces & Flails | 4 5 6 7 8 10 12 | 12.3
Armour         | 3 4 5 7 8 10 11 | 11.1
Dodging        | 2 |  2.5
Stealth        | 1 |  1.8

Action                     |  1- 3 |  4- 6 |  7- 9 | 10-12 || total
---------------------------+-------+-------+-------+-------++-------
  Melee: Mace              |   122 |   123 |   248 |   309 ||   802
         Punch             |       |       |     1 |     7 ||     8
    Use: Scroll            |       |     5 |     3 |     3 ||    11
         Potion            |       |       |     1 |       ||     1
   Stab: Distracted        |       |       |       |     1 ||     1
 Armour: Chain mail        |    79 |    63 |    25 |       ||   167
         Plate armour      |       |       |    88 |   146 ||   234
  Dodge: Dodged            |    52 |    55 |    95 |   184 ||   386
